 Dungeon Crawl Stone Soup version 0.32-a0-986-ga09f62fbf4 (webtiles) character file.

Game seed: 1475649298535121574

168 shadizar the Magician (level 5, -2/35 HPs)
             Began as a Djinni Conjurer on Apr 21, 2024.
             Slain by an orc
             ... wielding a +0 short sword
              (4 damage)
             ... on level 3 of the Dungeon.
             The game lasted 00:02:00 (2178 turns).

shadizar the Magician (Djinni Conjurer)             Turns: 2178, Time: 00:02:01

Health: -2/35      AC:  3    Str:  6    XL:     5   Next: 78%
Gold:   148        EV: 11    Int: 22    God:
                   SH:  0    Dex: 11

rFire   + + .        (no weapon)
rCold   x . .        (no shield)
rNeg    . . .        a - +0 robe
rPois   ∞            n - +0 helmet
rElec   .            (no cloak)
rCorr   .            (no gloves)
SInv    .            (boots unavailable)
Will    .....        (no amulet)
Stlth   ++           (no ring)
HPRegen 0.25/turn    (no ring)

%: infuse magic (-3 HP)
@: flying
A: sickness immunity, fire resistance 2, cold vulnerability 1, float, innate
caster, HP casting, extra vitality 1
a: no special abilities


You were on level 3 of the Dungeon.
You visited 1 branch of the dungeon, and saw 4 of its levels.

You collected 148 gold pieces.

Inventory:

Armour
 a - a +0 robe (worn)
 n - a +0 helmet (worn)
Scrolls
 c - a scroll of teleportation {unknown}
 d - a scroll of identify {unknown}
 g - a scroll of revelation {unknown}
 k - a scroll of fog {unknown}
Potions
 b - 4 potions of attraction {unknown}
 e - 3 potions of curing {unknown}
 f - a potion of degeneration {unknown}
 h - a potion of enlightenment {unknown}
 i - a potion of invisibility {unknown}
 j - a potion of magic {unknown}
 l - a potion of brilliance {unknown}
 m - a potion of resistance {unknown}
 o - a potion of heal wounds {unknown}


   Skills:
 - Level 2.4 Dodging
 - Level 1.8 Stealth
 + Level 5.2 Spellcasting
 + Level 5.2 Conjurations
 + Level 5.2 Hexes
 + Level 5.2 Summonings
 + Level 5.2 Necromancy
 + Level 5.2 Translocations
 + Level 5.2 Fire Magic
 + Level 5.2 Ice Magic
 + Level 5.2 Air Magic
 + Level 5.2 Earth Magic
 + Level 5.2 Alchemy


You knew the following spells:

 Your Spells              Type           Power      Damage    Failure   Level
a - Magic Dart            Conj           100%       1d8       1%          1
b - Searing Ray           Conj           58%        2d6       1%          2
c - Fulminant Prism       Conj/Alch      14%        3d9       11%         4
d - Iskenderun's Mystic Conj/Tloc 29%            2d7        (+2d3     11%         4
e - Shock                 Conj/Air       100%       1d9       1%          1
f - Ensorcelled Hibernat  Hex/Ice        58%        N/A       1%          2
Your spell library was empty.

Dungeon Overview and Level Annotations

Branches:
Dungeon (4/15)
 Temple: D:4-7

Altars:
Gozag
Wu Jian

Shops:
D:1 *

Portals:
Sewer: D:4


Innate Abilities, Weirdness & Mutations

You are immune to sickness and miasma.
You are immune to poison.
Your flesh is very heat resistant. (rF++)
You are vulnerable to cold. (rC-)
You float through the air rather than walking.
You learn spells naturally, not from books.
Your magical power is your life essence.
You have superior vitality. (+4 MHP)


Message History

Unknown command.
Unknown command.
Unknown command.
Unknown command.
Unknown command.
Casting: Magic Dart (safe; 1% risk of failure)
Confirm with . or Enter, or press ? or * to list all spells.
Aiming: Magic Dart (safe; 1% risk of failure)
Press: ? - help, Shift-Dir - straight line, f - orc wizard, p - orc
Aim: an orc wizard, wielding a +0 dagger and wearing a +0 robe (almost dead, 100% to hit)
The magic dart hits the orc wizard.
The orc wizard is almost dead.
* * * LOW HITPOINT WARNING * * *
The orc wizard points at you and mumbles some strange words.
You resist with some effort. The orc hits you but does no damage.
Unknown command.
Unknown command.
Unknown command.
Casting: Magic Dart (safe; 1% risk of failure)
Confirm with . or Enter, or press ? or * to list all spells.
Aiming: Magic Dart (safe; 1% risk of failure)
Press: ? - help, Shift-Dir - straight line, f/p - orc wizard
Aim: an orc wizard, wielding a +0 dagger and wearing a +0 robe (almost dead, 100% to hit)
The magic dart hits the orc wizard.
You kill the orc wizard!
* * * LOW HITPOINT WARNING * * *
The orc closely misses you.
Unknown command.
Unknown command.
Unknown command.
Casting: Magic Dart (safe; 1% risk of failure)
Confirm with . or Enter, or press ? or * to list all spells.
Aiming: Magic Dart (safe; 1% risk of failure)
Press: ? - help, Shift-Dir - straight line, f - orc
Aim: an orc, wielding a +0 short sword (moderately wounded, 100% to hit)
The magic dart hits the orc.
The orc is almost dead.
* * * LOW HITPOINT WARNING * * *
The orc hits you with a +0 short sword.
You die...

~#.###.....#......# #..##
≈#.#
#####.....÷..#####.##
≈#.# ###............#
##.########...÷...#######
~.............÷......#
#......#.............#
....##.#.###.........#
...###.....#....o....#
..## ###†#.#..<.@....#
.## ##.#......)#...# .#
##.....########## .#
#...##.######
######..###......#
###.....###......#
.................#
###....####......#
###..####........#


You could see an orc.

Vanquished Creatures
  A bombardier beetle (D:4)
  An orc wizard (D:3)
  2 adders (D:3)
  2 river rats (D:4)
  A dart slug (D:3)
  4 ribbon worms
  An orc (D:4)
  4 ball pythons
  4 endoplasms
  3 giant cockroaches
  4 goblins
  5 hobgoblins
  8 jackals
  7 kobolds
  4 quokkas
  6 bats
  3 frilled lizards
  4 rats
64 creatures vanquished.

Notes
Turn   | Place    | Note
-------+----------+-------------------------------------------
     0 | D:1      | shadizar the Djinni Conjurer began the quest for the Orb.
     0 | D:1      | shadizar set off with the following spells memorised: Magic
                  | Dart, Searing Ray, Fulminant Prism, Iskenderun's Mystic
                  | Blast.
     0 | D:1      | Reached XP level 1. HP: 15/15 MP: 0/0
    31 | D:1      | Reached XP level 2. HP: 16/21 MP: 0/0
   289 | D:1      | Reached XP level 3. HP: 22/25 MP: 0/0
   289 | D:1      | Learned a level 1 spell: Shock
   495 | D:1      | Found Cagilaos's Assorted Antiques.
  1475 | D:3      | Reached XP level 4. HP: 27/31 MP: 0/0
  1913 | D:3      | Found an ornate altar of the Wu Jian Council.
  1968 | D:3      | Found an opulent altar of Gozag.
  2003 | D:4      | Found a glowing drain.
  2013 | D:4      | Reached skill level 5 in Spellcasting
  2013 | D:4      | Reached skill level 5 in Conjurations
  2013 | D:4      | Reached skill level 5 in Hexes
  2013 | D:4      | Reached skill level 5 in Summonings
  2013 | D:4      | Reached skill level 5 in Necromancy
  2013 | D:4      | Reached skill level 5 in Translocations
  2013 | D:4      | Reached skill level 5 in Fire Magic
  2013 | D:4      | Reached skill level 5 in Ice Magic
  2013 | D:4      | Reached skill level 5 in Air Magic
  2013 | D:4      | Reached skill level 5 in Earth Magic
  2013 | D:4      | Reached skill level 5 in Alchemy
  2013 | D:4      | Reached XP level 5. HP: 18/35 MP: 0/0
  2013 | D:4      | Learned a level 2 spell: Ensorcelled Hibernation
  2178 | D:3      | Slain by an orc

Illustrated notes

Levels and vault maps discovered:
D:1:      noname_arrival_rooms_in_the_neighbourhood, layout_rooms, serial_shops,
          shop
D:2:      layout_basic, minmay_surrounded
D:3:      layout_rooms, mainiacjoe_overflow_alcove_2,
          nicolae_gozag_cash_rules_everything_around_me, minivault_4
D:4:      layout_layer_cave, ashenzari_conservatory_becter,
          mainiacjoe_overflow_catwalk_spiral, cheibrodos_sewer_entry_sluice,
          goddamned_bats, uniq_menkaure

Skill      XL: |  1  2  3  4 |
---------------+-------------+-----
Spellcasting   | 4 5 |  5.2
Conjurations   | 4 5 |  5.2
Hexes          | 4 5 |  5.2
Summonings     | 4 5 |  5.2
Necromancy     | 4 5 |  5.2
Translocations | 4 5 |  5.2
Fire Magic     | 4 5 |  5.2
Ice Magic      | 4 5 |  5.2
Air Magic      | 4 5 |  5.2
Earth Magic    | 4 5 |  5.2
Alchemy        | 4 5 |  5.2
Dodging        | |  2.4
Stealth        | |  1.8

Action                     |  1- 3 |  4- 6 || total
---------------------------+-------+-------++-------
   Cast: Magic Dart        |    77 |    77 ||   154
         Searing Ray       |       |     1 ||     1
 Armour: Robe              |       |    17 ||    17
  Dodge: Dodged            |     6 |    14 ||    20

Table legend: (Time is in decaauts)
 A = Elapsed time spent in this place.
 B = Non-inter-level travel time spent in this place.
 C = Inter-level travel time spent in this place.
 D = Time resting spent in this place.
 E = Time spent auto-exploring this place.
 F = Levels seen in this place.
 G = Mean time per level.
                   A        B        C        D        E       F      G
               +--------+--------+--------+--------+--------+-----+--------+
         Total |   2179 |   2068 |    111 |      0 |   1697 |   4 |  544.8 |
       Dungeon |   2179 |   2068 |    111 |      0 |   1697 |   4 |  544.8 |
               +--------+--------+--------+--------+--------+-----+--------+

Top non-repeatable levels by time:
     D:2: 873 daAuts
     D:3: 654 daAuts
     D:1: 595 daAuts
     D:4: 56 daAuts
